 Dungeon Crawl Stone Soup version 0.17.0-7-gfadd4cc (webtiles) character file.

1505 MDvedh the Cleaver (level 8, -2/61 HPs)
             Began as a Hill Orc Ice Elementalist on Nov 8, 2015.
             Was an Initiate of Beogh.
             Slain by an orc warrior
             ... wielding a cursed -3 mace
              (16 damage)
             ... on level 6 of the Dungeon.
             The game lasted 00:11:27 (7375 turns).

MDvedh the Cleaver (Hill Orc Ice Elementalist)      Turns: 7375, Time: 00:11:28

Health: -2/61      AC: 12    Str: 18    XL:     8   Next: 82%
Magic:  10/10      EV: 10    Int: 15    God:    Beogh [......]
Gold:   205        SH:  0    Dex:  9    Spells: 0 memorised, 10 levels left

rFire  . . .     SeeInvis .     i - +3 mace (protect)
rCold  . . .     Clarity  .     l - +1 ring mail
rNeg   . . .     SustAt   .     (no shield)
rPois  .         Gourm    .     (no helmet)
rElec  .         Spirit   .     (no cloak)
rCorr  .         Warding  .     (no gloves)
rMut   .         Stasis   .     (no boots)
MR     .....                    x - amulet of rage
Stlth  +.........               (no ring)
                                (no ring)

@: mighty, not resistant to hostile enchantments, very unstealthy
A: talons 1, clumsy 1, shaggy fur 1
a: Renounce Religion, Evoke Berserk Rage


You were on level 6 of the Dungeon.
You worshipped Beogh.
Beogh was noncommittal.
You were not hungry.

You visited 1 branch of the dungeon, and saw 6 of its levels.

You collected 205 gold pieces.

Inventory:

Hand Weapons
 i - a +3 mace of protection (weapon)
 j - a -2 war axe
Armour
 l - a +1 ring mail (worn)
Jewellery
 d - an uncursed ring of invisibility {unknown}
 m - an uncursed ring of fire
 v - an uncursed amulet of clarity {unknown}
 w - an uncursed amulet of resist corrosion {unknown}
 x - an amulet of rage (around neck)
 A - an uncursed amulet of warding {unknown}
Wands
 t - a wand of magic darts (12)
Scrolls
 a - 6 scrolls of remove curse
 f - a scroll of enchant armour
 n - a scroll of amnesia
 y - 3 scrolls of identify
Potions
 c - a potion of degeneration {unknown}
 e - a potion of ambrosia {unknown}
 k - a potion of might
 u - a potion of magic {unknown}
Books
 b - a book of Frost

   Spells                             Type                      Level
   a - Freeze                         Ice                          1
   b - Throw Frost                    Conjuration/Ice              2
   c - Ozocubu's Armour               Charms/Ice                   3
   d - Throw Icicle                   Conjuration/Ice              4
   e - Summon Ice Beast               Ice/Summoning                4
   f - Condensation Shield            Ice                          4
 r - a book of Debilitation

   Spells                             Type                      Level
   a - Corona                         Hexes                        1
   b - Slow                           Hexes                        2
   c - Gell's Gravitas                Hexes/Translocation          3
   d - Inner Flame                    Hexes/Fire                   3
   e - Cause Fear                     Hexes                        4
   f - Leda's Liquefaction            Hexes/Earth                  4
Comestibles
 o - a beef jerky
 p - a slice of pizza
 q - a bread ration
 s - 2 fruits


   Skills:
 - Level 2.1 Fighting
 * Level 12.5(12.7) Axes
 - Level 3.2(7.6) Maces & Flails
 - Level 1.5 Dodging
 - Level 1.5 Stealth
 - Level 1.5 Spellcasting
   Level 1.0 Conjurations
   Level 2.6 Ice Magic


You had 10 spell levels left.
You didn't know any spells.

Dungeon Overview and Level Annotations

Branches:
Dungeon (6/15)
 Temple: D:4-7

Altars:
Cheibriados
Okawaru
Qazlal
Sif Muna
Trog
The Shining One

Shops:
D:4 }

Annotations:
D:6 1 exclusion


Innate Abilities, Weirdness & Mutations

You have sharp toenails.
You are clumsy. (Dex -2)
You are covered in fur (AC +1).


Message History

The orc warrior is moderately wounded.
The orc wizard gestures wildly while chanting.
The orc wizard blinks!
The orc warrior misses you. The orc wizard casts a spell at you.
The magic dart hits you!
The orc wizard hits you but does no damage.
Read which item? (? for menu, Esc to quit)
Okay, then.
Drink which item? (? for menu, Esc to quit)
You feel very mighty all of a sudden.
The orc wizard hits you but does no damage.
The orc wizard misses you. The orc warrior hits you with a mace!
* * * LOW HITPOINT WARNING * * *
Unknown command.
You sock the orc wizard! Your kick misses the orc wizard.
The orc wizard is severely wounded.
The orc wizard hits you but does no damage.
The orc warrior hits you with a mace!
You die...
Beogh appreciates the orc warrior's killing of a heretic priest.

#...# #.#.# #.#.# #.#.#
###### ########.#.# ##.....
########.....##.#.# .......
.....#.......#....
##.....#######..#.......#.#.#
.........oYo@o..'...♣)..'.#.#
#.....#'#####..#.......#.#.#
#.......)...)###.......#....
#..!.o.......# ##.....####.#
...o.Y........# #########<.#
..............# #...##..#
..#####.......# #.......# .
#.......# #...#.#.# #########
#...#.#.#


You could see an orc warrior, an ice beast, an orc wizard and an orc.

Vanquished Creatures
  Duvessa (D:6)
  A water moccasin (D:5)
  3 ogres
  2 black bears (D:6)
  A centaur (D:5)
  A giant frog (D:6)
  Dowan (D:6)
  A crimson imp (D:6)
  An orc priest (D:6)
  Ijyb (D:4)
  A giant frog skeleton (D:6)
  2 jellies (D:5)
  2 hounds
  An iron imp (D:5)
  3 orc wizards
  2 iguanas (D:4)
  2 worker ants
  A hound zombie (D:5)
  3 shadow imps
  8 adders
  An ooze (D:6)
  5 worms
  26 orcs
  8 giant cockroaches
  4 hobgoblins
  7 kobolds
  4 ball pythons
  5 bats
  4 giant geckos
  A giant gecko skeleton (D:4)
  7 giant newts
  10 goblins
  19 jackals
  A jackal zombie (D:5)
  5 rats
145 creatures vanquished.

Vanquished Creatures (others)
  An orc (D:5)
1 creature vanquished.

Grand Total: 146 creatures vanquished

Notes
Turn   | Place    | Note
--------------------------------------------------------------
     0 | D:1      | MDvedh the Hill Orc Ice Elementalist began the quest for the Orb.
     0 | D:1      | Reached XP level 1. HP: 14/14 MP: 3/3
    74 | D:1      | Reached skill level 1 in Fighting
   461 | D:1      | Reached XP level 2. HP: 19/24 MP: 4/4
   828 | D:1      | Reached skill level 1 in Maces & Flails
  1395 | D:2      | Reached XP level 3. HP: 24/29 MP: 5/5
  1714 | D:2      | Reached skill level 3 in Maces & Flails
  1745 | D:2      | Found a deep blue altar of Sif Muna.
  1745 | D:2      | Found a glowing golden altar of the Shining One.
  1770 | D:2      | Reached XP level 4. HP: 36/36 MP: 6/6
  2348 | D:2      | Reached skill level 1 in Axes
  3057 | D:3      | Reached XP level 5. HP: 35/41 MP: 7/7
  3310 | D:4      | Found Hiadoo's Gadget Boutique.
  3407 | D:4      | Reached skill level 4 in Axes
  3642 | D:4      | Reached skill level 5 in Axes
  3790 | D:4      | Noticed an ogre
  4060 | D:4      | Killed an ogre
  4060 | D:4      | Reached skill level 6 in Axes
  4060 | D:4      | Reached XP level 6. HP: 32/48 MP: 8/8
  4756 | D:4      | Noticed an ogre
  4763 | D:4      | Killed an ogre
  4763 | D:4      | Reached skill level 7 in Axes
  4763 | D:4      | Reached XP level 7. HP: 43/55 MP: 9/9
  4933 | D:4      | Noticed Ijyb
  4953 | D:4      | Killed Ijyb
  4953 | D:4      | Reached skill level 8 in Axes
  4982 | D:4      | Gained mutation: You are covered in fur (AC +1). [potion of mutation]
  4982 | D:4      | Gained mutation: You are clumsy. (Dex -2) [potion of mutation]
  4982 | D:4      | Gained mutation: You have sharp toenails. [potion of mutation]
  5051 | D:5      | Entered Level 5 of the Dungeon
  5408 | D:5      | Reached skill level 9 in Axes
  5441 | D:5      | Found a snail-covered altar of Cheibriados.
  5461 | D:5      | HP: 2/55 [poisoned by a water moccasin]
  5798 | D:5      | Reached skill level 10 in Axes
  5798 | D:5      | Reached XP level 8. HP: 53/61 MP: 10/10
  5846 | D:5      | Found a stormy altar of Qazlal.
  6366 | D:5      | Became a worshipper of Beogh the Brigand
  6529 | D:6      | Found a bloodstained altar of Trog.
  6561 | D:6      | Reached skill level 11 in Axes
  6762 | D:6      | Found an iron altar of Okawaru.
  6770 | D:6      | Noticed Duvessa
  6777 | D:6      | Noticed Dowan
  6838 | D:6      | Killed Duvessa
  6924 | D:6      | Killed Dowan
  6924 | D:6      | Reached skill level 12 in Axes
  7375 | D:6      | Slain by an orc warrior

Action                   |  1- 3 |  4- 6 |  7- 9 || total
-------------------------+-------+-------+-------++-------
Melee: Unarmed           |    17 |       |       ||    17
       Mace              |    58 |   204 |   311 ||   573
       War axe           |       |     5 |       ||     5
 Cast: Freeze            |    13 |       |       ||    13
Invok: Convert to Beogh  |       |       |     1 ||     1
Evoke: Wand              |       |     8 |       ||     8
  Use: Scroll            |     4 |     5 |     5 ||    14
       Potion            |       |       |    10 ||    10
 Stab: Sleeping          |     2 |       |       ||     2
  Eat: Bread ration      |     1 |       |       ||     1
       Chunk             |       |     8 |     9 ||    17
